 Dungeon Sprint DCSS version 0.30-a0-364-gf6b3ef1049 (webtiles) character file.

Game seed: 5728479660393092874

17074 rocky1 the Warrior (level 12, -5/130 HPs)
             Began as a Minotaur Monk on Nov 16, 2022.
             Was the Champion of Okawaru.
             Killed by divine providence
             ... invoked by a balrug
              (13 damage)
             ... in the Dungeon (Sprint VII: "The Pits").
             The game lasted 00:11:24 (4274 turns).

rocky1 the Warrior (Minotaur Monk)                  Turns: 4274, Time: 00:11:25

Health: -5/130     AC: 25    Str: 21    XL:     12   Next: 15%
Magic:  8/14       EV: 13    Int:  7    God:    Okawaru [******]
Gold:   0          SH:  0    Dex: 18    Spells: 2/11 levels left

rFire   + . .      SeeInvis .    t - +2 halberd (venom)
rCold   + . .      Faith    .    (shield currently unavailable)
rNeg    . . .      Spirit   .    n - +2 plate armour
rPois   +          Reflect  .    i - +2 hat of the Griffon {Rampage Dex+5}
rElec   +          Harm     .    v - +0 cloak
rCorr   +          Rampage  +    (no gloves)
Will    .....      NoTele   +    u - +0 pair of boots
Stlth   ..........               (no amulet)
HPRegen 0.41/turn                (no ring)
MPRegen 0.14/turn                (no ring)

@: resistant, finesse-ful, invisible
A: horns 2, retaliatory headbutt
a: Renounce Religion, Heroism, Finesse


You were in the Dungeon.
You worshipped Okawaru.
Okawaru was exalted by your worship.
You visited 1 branch

Inventory:

Hand Weapons
 a - a +0 spear
 m - a +2 trident of freezing
 s - the +10 dark maul {vorpal}
   (You found it in the Dungeon)

   It inflicts extra damage upon your enemies.
 t - a +2 halberd of venom (weapon)
 F - a +0 glaive of flaming
Missiles
 o - 4 curare-tipped darts (quivered)
 G - 8 silver javelins
Armour
 b - a +0 robe
 i - the +2 hat of the Griffon (worn) {Rampage Dex+5}
   (Okawaru gifted it to you in the Dungeon)

   Dex:       It affects your dexterity (+5).
   Rampage:   It bestows one free step when moving towards enemies.
 n - a +2 plate armour (worn)
 u - a +0 pair of boots (worn)
 v - a +0 cloak (worn)
Jewellery
 p - a +3 ring of evasion
 q - a +3 ring of intelligence
 x - a ring of willpower
 A - a ring of fire
Scrolls
 k - 5 scrolls of amnesia
 l - a scroll of summoning
 w - 6 scrolls of identify
 y - a scroll of immolation
 B - 2 scrolls of fear
 C - 2 scrolls of enchant weapon
Potions
 c - 2 potions of ambrosia
 d - 10 potions of curing
 e - 6 potions of heal wounds
 f - a potion of haste
 g - 4 potions of magic
 h - 4 potions of berserk rage
 j - a potion of invisibility
 r - 2 potions of mutation
 z - a potion of brilliance
 E - a potion of might


   Skills:
 + Level 19.2 Fighting
 - Level 10.1 Maces & Flails
 + Level 18.6 Polearms
 + Level 16.5 Armour
 + Level 13.1 Dodging
 - Level 9.0 Stealth
 - Level 4.1 Invocations


You had 2 spell levels left.
You knew the following spells:

 Your Spells              Type           Power      Damage    Failure   Level
a - Fire Storm            Conj/Fire      0%         5d1       100%        9

Your spell library contained the following spells:

 Spells                   Type           Power      Damage    Failure   Level
 Searing Ray              Conj           0%         2d4       99%         2
 Anguish                  Hex/Necr       0%         N/A       100%        4
 Sticky Flame             Conj/Fire      0%         2d3       100%        4
 Arcjolt                  Conj/Air       0%         1d10      100%        5
 Enfeeble                 Hex            0%         N/A       100%        7


Dungeon Overview and Level Annotations

Branches:
Dungeon (1/1)

Altars:
Ashenzari
Cheibriados
Dithmenos
Elyvilon
Fedhas
Gozag
Hepliaklqana
Kikubaaqudgha
Makhleb
Nemelex Xobeh
Okawaru
Qazlal
Ru
Sif Muna
Trog
Uskayaw
Vehumet
Wu Jian
Xom
Yredelemnul
Zin
The Shining One
Jiyva
Lugonu


Innate Abilities, Weirdness & Mutations

You have a pair of horns on your head.
You reflexively headbutt those who attack you in melee.


Message History

The orc warlord is poisoned.
You headbutt the orc warlord, but do no damage.
You puncture the orc warlord!
The orc warlord looks as sick as possible!
You headbutt the orc warlord!
The orc warlord is lightly wounded.
You puncture the orc warlord!
The orc warlord looks as sick as possible!
Your headbutt misses the orc warlord.
The orc warlord is moderately wounded.
The orc warlord hits you with a +5 long sword of holy wrath!!
* * * LOW HITPOINT WARNING * * *
You hit the orc warlord but do no damage.
The orc warlord looks as sick as possible!
You headbutt the orc warlord.
The orc warlord is moderately wounded.
You feel like a meek peon again.
You puncture the orc warlord!
The orc warlord looks as sick as possible!
The orc warlord is heavily wounded.
The orc knight misses you. The orc warlord barely misses you.
You strike the helpless orc warlord from behind!
You slice the orc warlord!!
The orc warlord looks as sick as possible!
The orc warlord is severely wounded.
You hit the orc warlord.
The orc warlord looks as sick as possible!
Your headbutt misses the orc warlord.
The orc warlord is severely wounded.
You catch the helpless orc warlord completely off-guard!
You hit the orc warlord but do no damage.
The orc warlord looks as sick as possible!
The orc warlord is severely wounded.
The orc warlord roars a battlecry!
The orc knight goes into a battle-frenzy!
The orc knight hits you with a +0 great sword!
* * * LOW HITPOINT WARNING * * *
The balrug gestures at you. Something smites you!
You die...

#++#############################
#...............o...............
#..............@o2..............
#..##############o'#############
#..# .....# #..# ......# #..#
#M..o..# #..# ###o.### #..# o...
#.[# .o.. ##..#


You could see an orc warlord (strong, unable to see you, extremely poisoned), a
balrug and 2 orc knights.

Vanquished Creatures
  A ghost moth (D)
  An orc warlord (D)
  A minotaur (D)
  A boulder beetle (D)
  A merfolk avatar (D)
  3 hell hogs (D)
  Sonja (D)
  2 flayed ghosts (D)
  A bog body (D)
  A lindwurm (D)
  An orc knight (D)
  An orc sorcerer (D)
  A cyclops (D)
  An eye of devastation (D)
  A black mamba (D)
  An elephant (D)
  2 orange demons (D)
  A cane toad (D)
  A hellwing (D)
  A guardian mummy (D)
  A komodo dragon (D)
  4 trolls (D)
  2 merfolk (D)
  A polar bear (D)
  A tyrant leech (D)
  A hornet (D)
  A jumping spider (D)
  4 yaks (D)
  A spriggan (D)
  An air elemental (D)
  A ynoxinul (D)
  A wraith (D)
  3 redbacks (D)
  A warg (D)
  An acid dragon (D)
  Duvessa (D)
  2 floating eyes (D)
  2 orc warriors (D)
  A sky beast (D)
  A black bear (D)
  5 wolves (D)
  2 centaurs (D)
  A kobold brigand (D)
  A scorpion (D)
  3 wights (D)
  Dowan (D)
  3 killer bees (D)
  Crazy Yiuf (D)
  An orc priest (D)
  An iron imp (D)
  A hell rat (D)
  Jessica (D)
  An orc wizard (D)
  An adder (D)
  A gnoll (D)
  2 ufetubi (D)
  An adder skeleton (D)
  A worm (D)
  3 orcs (D)
  A goblin (D)
  A hobgoblin (D)
  6 jackals (D)
  A quokka (D)
  A ball python (D)
  A ball python skeleton (D)
  A frilled lizard (D)
  2 rats (D)
100 creatures vanquished.

Notes
Turn   | Place    | Note
-------+----------+-------------------------------------------
     0 | D        | rocky1 the Minotaur Monk began the quest for the Orb.
     0 | D        | Reached XP level 1. HP: 19/19 MP: 0/0
    18 | D        | Reached skill level 4 in Fighting
    44 | D        | Found a bloodstained altar of Trog.
    44 | D        | Found a shimmering blue altar of Sif Muna.
    44 | D        | Found a viscous altar of Jiyva.
    44 | D        | Found a hazy altar of Hepliaklqana.
    44 | D        | Found an opulent altar of Gozag.
    45 | D        | Found a glowing golden altar of the Shining One.
    45 | D        | Found a glowing silver altar of Zin.
    45 | D        | Found a basalt altar of Yredelemnul.
    45 | D        | Found a shimmering altar of Xom.
    45 | D        | Found an ornate altar of the Wu Jian Council.
    45 | D        | Found a sacrificial altar of Ru.
    45 | D        | Found a stormy altar of Qazlal.
    45 | D        | Found an iron altar of Okawaru.
    45 | D        | Found a sparkling altar of Nemelex Xobeh.
    45 | D        | Found a burning altar of Makhleb.
    45 | D        | Found a blossoming altar of Fedhas.
    45 | D        | Found a white marble altar of Elyvilon.
    45 | D        | Found a shadowy altar of Dithmenos.
    45 | D        | Found a snail-covered altar of Cheibriados.
    48 | D        | Found a corrupted altar of Lugonu.
    48 | D        | Found a radiant altar of Vehumet.
    49 | D        | Found an ancient bone altar of Kikubaaqudgha.
    49 | D        | Found a hide-covered altar of Uskayaw.
    49 | D        | Found a broken altar of Ashenzari.
    55 | D        | Became a worshipper of Warmaster Okawaru
    55 | D        | Reached * piety under Okawaru
    55 | D        | Reached ** piety under Okawaru
    69 | D        | Noticed a floating eye
    71 | D        | Killed a floating eye
    71 | D        | Reached *** piety under Okawaru
    72 | D        | Reached skill level 7 in Fighting
    72 | D        | Reached XP level 2. HP: 34/34 MP: 1/1
    72 | D        | Reached XP level 3. HP: 39/39 MP: 2/2
    72 | D        | Reached XP level 4. HP: 47/47 MP: 3/3
    83 | D        | Noticed a centaur
    93 | D        | Killed a centaur
    93 | D        | Received a gift from Okawaru
    94 | D        | Reached skill level 8 in Fighting
    94 | D        | Reached XP level 5. HP: 26/53 MP: 4/4
   261 | D        | Noticed Duvessa
   262 | D        | Noticed Dowan
   262 | D        | Noticed a floating eye
   263 | D        | Noticed a warg
   268 | D        | Paralysed by a floating eye for 2 turns
   275 | D        | Killed Duvessa
   276 | D        | Reached skill level 9 in Fighting
   276 | D        | Reached XP level 6. HP: 63/63 MP: 2/5
   276 | D        | Killed Dowan
   279 | D        | Paralysed by a floating eye for 2 turns
   284 | D        | Killed a floating eye
   284 | D        | Reached **** piety under Okawaru
   285 | D        | Reached skill level 10 in Polearms
   289 | D        | Reached skill level 10 in Fighting
   335 | D        | Killed a warg
   336 | D        | Reached skill level 1 in Armour
   336 | D        | Reached skill level 5 in Stealth
   336 | D        | Reached XP level 7. HP: 40/73 MP: 6/6
   456 | D        | Noticed a cyclops
   464 | D        | Killed a cyclops
   464 | D        | Reached ***** piety under Okawaru
   465 | D        | Reached skill level 11 in Fighting
   465 | D        | Reached skill level 10 in Dodging
   465 | D        | Reached XP level 8. HP: 45/82 MP: 7/7
   576 | D        | Noticed Jessica
   584 | D        | Killed Jessica
   691 | D        | Noticed a hellwing
   691 | D        | Noticed a troll
   700 | D        | Killed a hellwing
   701 | D        | Reached skill level 12 in Fighting
   707 | D        | Killed a troll
   715 | D        | Found the +10 dark maul {vorpal}
   824 | D        | Noticed Crazy Yiuf
   824 | D        | Noticed a merfolk
   842 | D        | Killed Crazy Yiuf
   846 | D        | Reached skill level 1 in Invocations
   849 | D        | Reached skill level 13 in Fighting
   855 | D        | HP: 2/86 [merfolk/+0 trident (18)]
   861 | D        | HP: 2/86 [merfolk/+0 trident (13)]
   866 | D        | HP: 4/86 [merfolk/+0 trident (12)]
   867 | D        | Killed a merfolk
   868 | D        | Reached skill level 5 in Armour
   868 | D        | Reached XP level 9. HP: 5/93 MP: 0/9
  1123 | D        | Noticed a troll
  1133 | D        | Killed a troll
  1133 | D        | Identified the +0 robe of Crawling {*Slow rF++ Int+8}
                  | (Okawaru gifted it to you in the Dungeon)
  1133 | D        | Received a gift from Okawaru
  1134 | D        | Reached skill level 15 in Polearms
  1345 | D        | Noticed a komodo dragon
  1345 | D        | Noticed an elephant
  1345 | D        | Noticed a boulder beetle
  1364 | D        | Killed a komodo dragon
  1365 | D        | Reached skill level 14 in Fighting
  1367 | D        | Killed an elephant
  1520 | D        | Killed a boulder beetle
  1520 | D        | Reached ****** piety under Okawaru
  1521 | D        | Reached skill level 10 in Armour
  1571 | D        | Noticed a bog body
  1578 | D        | Reached skill level 1 in Maces & Flails
  1582 | D        | Killed a bog body
  1583 | D        | Reached skill level 15 in Fighting
  1583 | D        | Reached XP level 10. HP: 45/105 MP: 11/11
  1873 | D        | Noticed a flayed ghost
  1889 | D        | HP: 1/105 [polar bear (14)]
  1900 | D        | Killed a flayed ghost
  2105 | D        | Noticed an orange demon
  2105 | D        | Noticed an orange demon
  2112 | D        | Killed an orange demon
  2112 | D        | Received a gift from Okawaru
  2113 | D        | Reached skill level 5 in Maces & Flails
  2120 | D        | Killed a ghost moth
  2121 | D        | Reached skill level 16 in Fighting
  2128 | D        | Killed an orange demon
  2374 | D        | Noticed a black mamba
  2374 | D        | Noticed a cane toad
  2377 | D        | Killed a black mamba
  2379 | D        | Killed a cane toad
  2379 | D        | Identified the +2 hat of the Griffon {Rampage Dex+5}
                  | (Okawaru gifted it to you in the Dungeon)
  2379 | D        | Received a gift from Okawaru
  2381 | D        | Noticed Sonja
  2399 | D        | Killed Sonja
  2400 | D        | Reached XP level 11. HP: 42/115 MP: 11/13
  2804 | D        | Noticed a lindwurm
  2804 | D        | Noticed a spriggan rider
  2827 | D        | Reached skill level 17 in Fighting
  2834 | D        | Killed a lindwurm
  2835 | D        | Reached skill level 15 in Armour
  3179 | D        | Got Seithum's Opusculum on Conjury
  3203 | D        | Learned a level 9 spell: Fire Storm
  3404 | D        | Noticed an orc knight
  3405 | D        | Noticed an orc sorcerer
  3407 | D        | Noticed a soul eater
  3423 | D        | Killed an orc knight
  3426 | D        | Killed an orc sorcerer
  3657 | D        | Noticed a minotaur
  3657 | D        | Noticed a flayed ghost
  3665 | D        | Killed a flayed ghost
  3666 | D        | Reached skill level 18 in Fighting
  3677 | D        | Killed a minotaur
  3677 | D        | Received a gift from Okawaru
  3678 | D        | Reached skill level 10 in Maces & Flails
  4031 | D        | Noticed a merfolk avatar
  4043 | D        | Killed a merfolk avatar
  4054 | D        | Paralysed by an air elemental for 1 turns
  4060 | D        | Paralysed by an air elemental for 1 turns
  4237 | D        | Noticed a hell hog
  4237 | D        | Noticed a hell hog
  4237 | D        | Noticed a hell hog
  4237 | D        | Noticed an orc knight
  4237 | D        | Noticed an orc knight
  4239 | D        | Noticed an orc warlord
  4240 | D        | Noticed an orc knight
  4241 | D        | Noticed an orc knight
  4242 | D        | Noticed an orc warlord
  4246 | D        | Killed a hell hog
  4249 | D        | Killed a hell hog
  4250 | D        | Reached XP level 12. HP: 20/129 MP: 12/14
  4256 | D        | Noticed a balrug
  4261 | D        | Killed an orc warlord
  4262 | D        | Reached skill level 19 in Fighting
  4265 | D        | Killed a hell hog
  4265 | D        | Received a gift from Okawaru
  4274 | D        | Killed from afar by a balrug

Illustrated notes

Levels and vault maps discovered:
D:        pitsprint [storerooms_1, entrance_room_1, metal_vault_2, armoury_1,
          mini_pit_1, grid_room_1, main_hall_1, silver_pit, the_coven_3,
          the_vestibule_1, steel_vault_5, golden_pit, hallway_of_sentries,
          crystal_vault_1, iron_vault_2, final_vault]

Skill      XL: |  1  2  3  4  5  6  7  8  9 10 11 12 |
---------------+-------------------------------------+-----
Fighting       | 7 8 9 10 11 13 15 16 18 19 | 19.2
Polearms       | 7 8 9 11 12 14 16 18 | 18.6
Dodging        | 6 7 8 9 10 11 12 13 | 13.1
Stealth        | 2 3 4 5 6 9 |  9.0
Armour         | 1 2 5 10 14 16 | 16.5
Invocations    | 1 3 4 |  4.1
Maces & Flails | 3 7 10 | 10.1

Action                   |  1- 3 |  4- 6 |  7- 9 | 10-12 || total
-------------------------+-------+-------+-------+-------++-------
Melee: Spear             |     3 |       |       |       ||     3
       Trident           |     2 |    40 |    97 |       ||   139
       Headbutt          |     2 |     6 |    27 |    51 ||    86
       Punch             |       |       |     2 |       ||     2
       Halberd           |       |       |    14 |   232 ||   246
Invok: Heroism           |       |     1 |     2 |     3 ||     6
       Finesse           |       |       |     1 |     1 ||     2
  Use: Potion            |       |     1 |     5 |    10 ||    16
       Scroll            |       |       |     1 |     1 ||     2
 Stab: Sleeping          |     2 |     1 |       |       ||     3
       Invisible         |       |       |       |    16 ||    16
Armor: Plate armour      |       |     7 |    46 |   130 ||   183
Dodge: Dodged            |     2 |    18 |    48 |   141 ||   209

Table legend: (Time is in decaauts)
 A = Elapsed time spent in this place.
 B = Non-inter-level travel time spent in this place.
 C = Inter-level travel time spent in this place.
 D = Time resting spent in this place.
 E = Time spent auto-exploring this place.
 F = Levels seen in this place.
 G = Mean time per level.
                   A        B        C        D        E       F      G
               +--------+--------+--------+--------+--------+-----+--------+
         Total |   4189 |   4117 |     72 |   3054 |      0 |   1 | 4189.0 |
       Dungeon |   4189 |   4117 |     72 |   3054 |      0 |   1 | 4189.0 |
               +--------+--------+--------+--------+--------+-----+--------+

Top non-repeatable levels by time:
       D: 4189 daAuts
